 Dungeon Crawl Stone Soup version 0.31-a0-162-gc4c5a43528 (webtiles) character file.

Game seed: 12647133146199126629

95 qw the Shooter (level 4, -5/40 HPs)
             Began as a Naga Hunter on June 12, 2023.
             Slain by an orc
             ... wielding a +0 falchion
              (7 damage)
             ... on level 2 of the Dungeon.
             The game lasted 00:00:35 (1044 turns).

qw the Shooter (Naga Hunter)                        Turns: 1044, Time: 00:00:35

Health: -5/40      AC:  6    Str: 13    XL:     4   Next: 65%
Magic:  4/4        EV: 12    Int:  9    God:
Gold:   135        SH:  0    Dex: 17    Spells: 3/3 levels left

rFire   . . .        Y - +0 shortbow (flame)
rCold   . . .        (shield currently unavailable)
rNeg    . . .        c - +0 leather armour
rPois   +            (no helmet)
rElec   .            (no cloak)
rCorr   .            (no gloves)
SInv    +            b - +0 barding
Will    .....        (no amulet)
Stlth   ++           j - +5 ring of evasion
HPRegen 0.26/turn    (no ring)
MPRegen 0.09/turn

%: no passive effects
@: short of breath, very slow
A: AC +1, large, see invisible, deformed body, poison resistance, slowness 2,
spit poison 1, naga tail 1
a: Spit Poison


You were on level 2 of the Dungeon.
You visited 1 branch of the dungeon, and saw 3 of its levels.

You collected 135 gold pieces.


Innate Abilities, Weirdness & Mutations

Your serpentine skin is tough. (AC +1)
You have supernaturally acute eyesight. (SInv)
Armour fits poorly on your strangely shaped body.
Your system is resistant to poisons. (rPois)
You cover ground very slowly.
You can spit poison.
You have a snake-like lower body.


   Skills:
 + Level 2.9 Fighting
 - Level 5.0 Ranged Weapons
 - Level 1.5 Dodging
 - Level 1.5 Stealth


You had 3 spell levels left.
You didn't know any spells.
Your spell library was empty.

Inventory:

Hand Weapons
 Y - a +0 shortbow of flaming (weapon)
Armour
 b - a +0 barding (worn)
 c - a +0 leather armour (worn)
Jewellery
 j - a +5 ring of evasion (left hand)
Potions
 d - a potion of resistance {unknown}
 f - a potion of brilliance {unknown}
 g - a potion of curing
 h - a potion of magic {unknown}
 k - a potion of cancellation {unknown}

Dungeon Overview and Level Annotations

Branches:
Dungeon (3/15)

Altars:


Message History

The orc misses you. The orc hits you but does no damage.
The orc hits you with a +0 falchion.
You shoot an arrow. The arrow closely misses the orc.
The orc misses you. The orc hits you with a +0 falchion. x2
The orc closely misses you. The orc hits you with a +0 falchion. x2
You shoot an arrow. The arrow closely misses the orc.
The orc hits you but does no damage. The orc barely misses you.
The orc closely misses you.
You shoot an arrow.
The arrow hits the orc but does no damage.
You have got your breath back.
The orc hits you with a +0 whip. The orc hits you with a +0 falchion.
The orc hits you but does no damage.
1039 ||| INVOKING Spit Poison.
Aiming: Spit Poison (1% risk of failure)
Press: ? - help, Shift-Dir - straight line, f/p - orc The splash of poison misses the orc.
The orc completely misses you. The orc misses you. The orc closely misses you.
You shoot an arrow. The arrow hits the orc.
The arrow burns the orc.
The orc is almost dead.
The orc hits you but does no damage. The orc misses you.
The orc hits you but does no damage.
You shoot an arrow. The arrow closely misses the orc.
The orc barely misses you. x2; The orc hits you but does no damage.
The orc completely misses you. The orc hits you but does no damage.
The orc closely misses you.
You shoot an arrow. The arrow hits the orc.
The arrow burns the orc.
You kill the orc!
You have got your breath back.
The orc hits you but does no damage. The orc barely misses you.
1043 ||| INVOKING Spit Poison.
Aiming: Spit Poison (1% risk of failure)
Press: ? - help, Shift-Dir - straight line, f - orc The splash of poison hits the orc!
You kill the orc!
The orc hits you but does no damage.
You shoot an arrow. The arrow hits the orc.
The arrow burns the orc.
The orc is almost dead.
The orc hits you with a +0 falchion!
You die...

###### ########....###
#......#....#.#
#......#....+.#
#......#....#.#
######......#..o.#.##
...........)'..)@)..#
............####)##.#
............#
#.##.##########
............#
#.##!.........#
.....%......#
#.###########.#
.......#########'#.....#
#...#### .......#
#.........##.###.#.....
.).....#
#.........##.........#.
########
#.........######.#<#.#.


You could see an orc.

Vanquished Creatures
  An orc priest (D:2)
  A gnoll (D:1)
  A dart slug (D:2)
  3 orcs
  2 endoplasms
  3 giant cockroaches
  5 goblins
  6 hobgoblins
  2 jackals (D:2)
  2 kobolds
  5 quokkas
  5 ball pythons
  2 bats (D:1)
  3 frilled lizards
  6 rats
47 creatures vanquished.

Notes
Turn   | Place    | Note
-------+----------+-------------------------------------------
     0 | D:1      | qw the Naga Hunter began the quest for the Orb.
     0 | D:1      | Reached XP level 1. HP: 19/19 MP: 1/1
     0 | D:1      | 0 ||| qw: Version: 0.2-a-29-gc1b59c4
     0 | D:1      | 0 ||| qw: Game counter: 4307
     0 | D:1      | 0 ||| qw: Always use a shield: true
     0 | D:1      | 0 ||| qw: God list: Okawaru
     0 | D:1      | 0 ||| qw: Allow faded altars: false
     0 | D:1      | 0 ||| qw: Do Orc after D:15 true
     0 | D:1      | 0 ||| qw: Do second Lair branch before Depths: true
     0 | D:1      | 0 ||| qw: Lair rune preference: random
     0 | D:1      | 0 ||| qw: Plans: Normal
     0 | D:1      | 0 ||| PLANNING D:1-11
    41 | D:1      | 41 ||| INVOKING Spit Poison.
   135 | D:1      | 135 ||| INVOKING Spit Poison.
   151 | D:1      | 151 ||| INVOKING Spit Poison.
   155 | D:1      | Reached skill level 4 in Ranged Weapons
   155 | D:1      | Reached XP level 2. HP: 26/26 MP: 2/2
   161 | D:1      | 161 ||| INVOKING Spit Poison.
   200 | D:1      | 200 ||| INVOKING Spit Poison.
   264 | D:1      | 264 ||| INVOKING Spit Poison.
   279 | D:1      | 279 ||| INVOKING Spit Poison.
   282 | D:1      | 282 ||| INVOKING Spit Poison.
   291 | D:1      | 291 ||| INVOKING Spit Poison.
   369 | D:1      | 369 ||| INVOKING Spit Poison.
   370 | D:1      | 370 ||| INVOKING Spit Poison.
   371 | D:1      | Reached XP level 3. HP: 32/32 MP: 3/3
   406 | D:1      | 406 ||| READING scroll labelled MINEYJOTRO.
   407 | D:1      | 407 ||| READING scroll labelled VUYDDA ROXONGA.
   408 | D:1      | 408 ||| DROPPING scroll of butterflies.
   468 | D:2      | 468 ||| INVOKING Spit Poison.
   474 | D:2      | 474 ||| INVOKING Spit Poison.
   479 | D:2      | 479 ||| INVOKING Spit Poison.
   491 | D:2      | 491 ||| INVOKING Spit Poison.
   495 | D:2      | 495 ||| INVOKING Spit Poison.
   526 | D:2      | 526 ||| INVOKING Spit Poison.
   573 | D:2      | 573 ||| INVOKING Spit Poison.
   643 | D:2      | 643 ||| INVOKING Spit Poison.
   651 | D:2      | 651 ||| INVOKING Spit Poison.
   658 | D:2      | 658 ||| INVOKING Spit Poison.
   671 | D:2      | 671 ||| INVOKING Spit Poison.
   677 | D:2      | 677 ||| INVOKING Spit Poison.
   713 | D:2      | 713 ||| INVOKING Spit Poison.
   716 | D:2      | 716 ||| INVOKING Spit Poison.
   737 | D:2      | 737 ||| INVOKING Spit Poison.
   738 | D:2      | Reached skill level 5 in Ranged Weapons
   738 | D:2      | Reached XP level 4. HP: 39/39 MP: 4/4
   820 | D:2      | 820 ||| INVOKING Spit Poison.
   829 | D:2      | Identified the +0 scale mail of Nuidd {rPois Int+3}
   850 | D:2      | Found a faded altar of an unknown god.
   972 | D:2      | 972 ||| UPGRADING to +0 barding.
   977 | D:2      | 977 ||| UPGRADING to +5 ring of evasion.
   978 | D:2      | 978 ||| READING scroll labelled FIVIKH LEECE.
   979 | D:2      | 979 ||| READING scroll labelled WOMNAI SYNWEE.
   980 | D:2      | 980 ||| DRINKING 2 sedimented coppery potions.
   981 | D:2      | 981 ||| DRINKING 2 fizzy emerald potions.
   982 | D:2      | 982 ||| DROPPING potion of enlightenment.
   990 | D:3      | 990 ||| INVOKING Spit Poison.
   993 | D:3      | 993 ||| STAIRDANCE
  1027 | D:3      | 1027 ||| INVOKING Spit Poison.
  1029 | D:3      | 1029 ||| STAIRDANCE
  1033 | D:2      | 1033 ||| INVOKING Spit Poison.
  1036 | D:2      | HP: 10/40 [orc/+0 falchion (5)]
  1038 | D:2      | HP: 3/40 [orc/+0 whip (3)]
  1038 | D:2      | HP: 1/40 [orc/+0 falchion (2)]
  1039 | D:2      | 1039 ||| INVOKING Spit Poison.
  1043 | D:2      | 1043 ||| INVOKING Spit Poison.
  1044 | D:2      | Slain by an orc

Levels and vault maps discovered:
D:1:      giann_wishing_wells, layout_rooms
D:2:      minmay_evil_eye, layout_basic, shapermc_ecumenical_altar_pompeii
D:3:      layout_loops_ring, mainiacjoe_overflow_surrounded_room

Skill      XL: |  1  2  3 |
---------------+----------+-----
Ranged Weapons | 4 5 |  5.0
Fighting       | |  2.9
Dodging        | |  1.5
Stealth        | |  1.5

Action                     |  1- 3 |  4- 6 || total
---------------------------+-------+-------++-------
   Fire: Shortbow          |    79 |    16 ||    95
Ability: Spit Poison       |    25 |     6 ||    31
    Use: Scroll            |     2 |     2 ||     4
         Potion            |       |     2 ||     2
 Armour: Leather armour    |     7 |    17 ||    24
  Dodge: Dodged            |     9 |    29 ||    38

Table legend:
 A = Non-vault XP
 B = Vault XP
 C = Vault XP percentage of total XP
 D = Non-vault monster count
 E = Vault monster count
 F = Vault count percentage of total count
                 A         B        C        D         E       F
            +---------+---------+-------+---------+---------+-------
      Total |     129 |       7 |   5.1 |      43 |       4 |   8.5
            +---------+---------+-------+---------+---------+-------
        D:1 |      42 |       0 |   0.0 |      19 |       0 |   0.0
        D:2 |      84 |       7 |   7.7 |      23 |       4 |  14.8
        D:3 |       3 |       0 |   0.0 |       1 |       0 |   0.0
            +---------+---------+-------+---------+---------+-------
